 Dungeon Crawl Stone Soup version 0.25-a0-41-g6cf4ce537d (webtiles) character file.

Game seed: 5426055487506809755, levelgen mode: deterministic

673920 scimitardk the Conqueror (level 27, 0/273 HPs)
             Began as a Minotaur Berserker on Oct 18, 2019.
             Was the Champion of Trog.
             Killed from afar by an orb of fire (4 damage)
             ... with a fireball
             ... on level 5 of the Realm of Zot on Oct 21, 2019.
             The game lasted 05:10:18 (77692 turns).

scimitardk the Conqueror (Minotaur Berserker)      Turns: 77692, Time: 05:10:18

Health: 0/273      AC: 46    Str: 24    XL:     27
Magic:  38/38      EV: 21    Int:  4    God:    Trog [******]
Gold:   5645       SH: 31    Dex: 20    Spells: 26/26 levels left

rFire    + + +     SeeInvis +   a - +9 broad axe (freeze)
rCold    + . .     Gourm    .   e - +2 large shield {AC+3}
rNeg     + . .     Faith    .   O - +9 plate armour {MR+}
rPois    +         Spirit   .   N - +2 hat
rElec    +         Reflect  +   I - +2 cloak {+Inv}
rCorr    .         Harm     .   z - +1 pair of gloves {Dex+3}
MR       +++++                  m - +2 pair of boots "Uqyusus" {rF++ rN+ MR+ SInv}
Stlth    ..........             j - +3 amulet of reflection
HPRegen  1.00/turn              G - ring "Hosef" {Wiz rPois rF+ MP+9 Stlth-}
MPRegen  0.26/turn              w - ring "Qoggapy" {rElec rF+ rC+ MR+ Int+2}

@: regenerating
A: retaliatory headbutt, horns 2, blurry vision 1, clumsy 1, dopey 1, inhibited
regeneration, weak 1
}: 3/15 runes: barnacled, silver, gossamer
a: Berserk, Trog's Hand, Brothers in Arms, Renounce Religion, Evoke Invisibility


You were on level 5 of the Realm of Zot.
You worshipped Trog.
Trog was exalted by your worship.
You were very hungry.

You visited 9 branches of the dungeon, and saw 49 of its levels.
You visited the Abyss 1 time.
You visited 1 bazaar.
You also visited: Bailey, Gauntlet, Wizlab and Desolation.

You collected 7489 gold pieces.
You spent 1844 gold pieces at shops.

Inventory:

Hand Weapons
 a - a +9 broad axe of freezing (weapon)
 b - a +2 broad axe of flaming
Missiles
 B - 14 throwing nets (quivered)
Armour
 e - a +2 large shield of protection (worn)
 m - the +2 pair of boots "Uqyusus" (worn) {rF++ rN+ MR+ SInv}
   (You found it in a Gauntlet)

   It greatly protects you from fire.
   It protects you from negative energy.
   It affects your resistance to hostile enchantments.
   It lets you see invisible.
 z - a +1 pair of gloves of dexterity (worn)
 I - a +2 cloak of invisibility (worn)
 K - +0 gold dragon scales
 N - a +2 hat (worn)
 O - a +9 plate armour of magic resistance (worn)
Jewellery
 j - a +3 amulet of reflection (around neck)
 o - an uncursed ring of positive energy
 w - the ring "Qoggapy" (right hand) {rElec rF+ rC+ MR+ Int+2}
   (You bought it in a shop on level 5 of the Depths)

   [ring of protection from cold]

   It affects your intelligence (+2).
   It protects you from fire.
   It protects you from cold.
   It insulates you from electricity.
   It affects your resistance to hostile enchantments.
 y - an uncursed ring of flight
 A - the amulet of Voagege {Spirit +Inv rN+ Dex+2}
   (You took it off a yaktaur captain on level 5 of the Vaults)

   [amulet of guardian spirit]

   It causes incoming damage to be split between your health and magic.
   It affects your dexterity (+2).
   It protects you from negative energy.
   It lets you turn invisible.
 G - the ring "Hosef" (left hand) {Wiz rPois rF+ MP+9 Stlth-}
   (You found it on level 4 of the Shoals)

   [ring of wizardry]

   It improves your spell success rate.
   It protects you from fire.
   It protects you from poison.
   It affects your magic capacity (+9).
   It makes you less stealthy.
 Q - an uncursed ring of protection from magic
Wands
 x - a wand of disintegration (32)
 C - a wand of flame (7)
 E - a wand of iceblast (66)
 H - a wand of polymorph (37)
 L - a wand of enslavement (18)
 R - a wand of acid (17)
 W - a wand of digging (20)
 X - a wand of paralysis (16)
 Z - a wand of scattershot (5)
Scrolls
 d - 14 scrolls of identify
 f - 2 scrolls of acquirement
 k - 26 scrolls of teleportation
 l - 4 scrolls of fog
 p - 28 scrolls of remove curse
 q - a scroll of holy word
 v - 8 scrolls of magic mapping
 F - 7 scrolls of fear
 M - 2 scrolls of blinking
 T - 5 scrolls of summoning
 V - 5 scrolls of enchant weapon
 Y - a scroll of immolation
Potions
 g - 2 potions of cancellation
 i - 12 potions of flight
 n - 5 potions of agility
 r - 5 potions of ambrosia
 s - 2 potions of resistance
 t - 22 potions of curing
 u - 10 potions of lignification
 J - 4 potions of might
 P - 7 potions of haste
 S - 3 potions of invisibility
Miscellaneous
 D - 9 boxes of beasts
Comestibles
 c - 54 rations
 h - a chunk of flesh


   Skills:
 O Level 27 Fighting
 O Level 27 Axes
 + Level 25.2 Armour
 + Level 19.5 Dodging
 - Level 25.0 Shields
 - Level 10.0 Evocations


You had 26 spell levels left.
You didn't know any spells.
Your spell library was empty.

Dungeon Overview and Level Annotations

Branches:
Dungeon (15/15)            Temple (0/1) D:7            Lair (6/6) D:10
 Shoals (4/4) Lair:2       Spider (4/4) Lair:4        Slime (0/5) Lair:6
    Orc (2/2) D:12            Elf (3/3) Orc:2        Vaults (5/5) D:13
  Crypt (0/3) Vaults:3     Depths (5/5) D:15            Zot (5/5) Depths:5
 Bailey (visited)          WizLab (visited)         Desolation (visited)
Gauntlet (visited)

Altars:
Dithmenos
Elyvilon
Nemelex Xobeh
Qazlal
Trog
Vehumet
Xom
Jiyva

Shops:
D:4 :   D:7 =[((   D:9 =   Orc:2 [=}:   Elf:3 %[:(%   Shoals:3 *   Vaults:1 *
Vaults:2 *   Vaults:4 %   Depths:5 =}=

Portals:
Hell: Depths:1 Depths:2 Depths:3 Depths:4 Depths:5
Abyss: Depths:2 Depths:4
Pandemonium: Depths:3 Depths:5
Ziggurat: Depths:1

Annotations:
D:13 3 runed translucent doors, lis82's ghost, journeyman DgFE
Lair:1 1 runed translucent door
Shoals:2 Roxanne
Depths:3 exclusion: 2 ice statues
Depths:4 1 runed translucent door


Innate Abilities, Weirdness & Mutations

You reflexively headbutt those who attack you in melee.
You have a pair of horns on your head.
Scrolls take you a little longer to read.
You are clumsy. (Dex -2)
You are dopey. (Int -2)
You do not regenerate when monsters are visible.
You are weak. (Str -2)


Message History

Okay, then.
Press: ? - help, v - describe, . - travel
Here: an orb of fire (lightly damaged)
The floor.
Your cyclops goes berserk!
You are feeling very hungry.
The orb of fire glows bright magenta.
The fireball explodes!
The fireball engulfs the orb of fire.
The orb of fire completely resists.
The fireball engulfs you. You resist.
* * * LOW HITPOINT WARNING * * *
The orb of fire glows deep purple.
The bolt of fire hits you! You resist.
* * * LOW HITPOINT WARNING * * *
The bolt of fire hits your cyclops!!!
The orb of fire emits a lurid red light.
The bolt of fire misses the orb of fire.
The bolt of fire misses you.
The orb of fire emits a lurid red light.
The fireball explodes!
The fireball engulfs you. You resist.
You die...

#.# ###≈#..*≈ #.#
##≈≈≈#..#≈ ####'####
#≈≈##.##.# #.......#
###≈#..#..#. #.......#
#≈≈≈#..#..#. #.......#
#≈##.##°...#
#.......####..#..[....
#.......##.#..#...)...
#....@..##..##°.).##..
#.....C.##.......#..#.
#....*..##......##..#.
#......X##......#≈##.#
#.......'*......#≈≈≈#.
#......*##.....##*#≈*.
#.......##.#..## #≈≈*
#......X##.#.#######≈≈
#(......'..#.#X☼...###


You could see 2 orbs of fire, 2 tentacled monstrosities and a friendly cyclops
(berserk).

Vanquished Creatures
  An ancient lich (Zot:4)
  2 orbs of fire
  2 juggernauts (Depths:4)
  Saint Roka (Depths:5)
  2 Killer Klowns (Zot:3)
  Frederick (Vaults:5)
  Xtahua (Depths:2)
  Margery (Vaults:2)
  A golden dragon (shapeshifter) (D:15)
  13 golden dragons
  The ghost of Leoclas the Peltast, an adept TrHu of Wu Jian (Shoals:3)
  Arachne (Spider:4)
  the Enchantress (Depths:4)
  A bone dragon (Zot:2)
  6 liches
  Nikola (Spider:2)
  16 tentacled monstrosities
  Rupert (D:14)
  An iron giant (Zot:4)
  Jorgrun (Lair:2)
  2 deep elf blademasters (Elf:3)
  3 titans
  Asterion (Spider:1)
  2 deep elf master archers (Elf:3)
  Polyphemus (Shoals:2)
  3 Orb Guardians (Zot:5)
  4 sphinxes
  4 death cobs
  9 quicksilver dragons
  2 tentacled starspawn
  An Executioner (Abyss:3)
  Agnes (D:14)
  A kraken (Shoals:1)
  5 tengu reavers
  13 shadow dragons
  An eldritch tentacle (WizLab)
  Kirke (Shoals:1)
  Ilsuiw (Shoals:2)
  19 draconian monks
  14 storm dragons
  11 fire giants
  5 deep elf sorcerers
  16 vault wardens
  7 draconian knights
  2 draconian scorchers
  19 frost giants
  Aizul (Shoals:3)
  5 ghost moths
  7 draconian shifters
  8 emperor scorpions
  3 iron dragons
  2 imperial myrmidons (Desolation)
  An orc warlord (Orc:1)
  A curse skull (Vaults:3)
  7 spriggan defenders
  5 deep elf elementalists
  Louise (Shoals:1)
  10 draconian annihilators
  3 draconian stormcallers
  28 very ugly things
  A reaper (Gauntlet)
  11 ironheart preservers
  22 stone giants
  5 entropy weavers
  17 black draconians
  3 war gargoyles
  A green draconian (shapeshifter) (Zot:2)
  9 green draconians
  2 vampire knights
  8 deep elf demonologists
  2 halazid warlocks (Desolation)
  10 red draconians
  3 spark wasps
  A minotaur (Gauntlet)
  A purple draconian (shapeshifter) (Zot:2)
  A red draconian (shapeshifter) (Zot:2)
  13 deep elf annihilators
  14 white draconians
  7 yellow draconians
  8 deep elf death magi
  34 purple draconians
  2 eidola
  9 merfolk javelineers
  19 ettins
  Snorg (D:14)
  A blizzard demon (Depths:3)
  8 ragged hierophants (Desolation)
  2 crystal guardians
  14 yaktaur captains
  5 merfolk impalers
  25 fire dragons
  13 great orbs of eyes
  8 deep elf high priests
  15 ice dragons
  28 vault guards
  5 peacekeepers (Desolation)
  4 servants of whispers (Desolation)
  3 hydras
  10 rakshasas
  2 death knights
  2 catoblepae
  5 spriggan air magi
  5 merfolk avatars
  10 merfolk aquamancers
  22 ogre magi
  An alligator snapping turtle (Shoals:3)
  10 centaur warriors
  68 two-headed ogres
  2 satyrs
  9 deep troll earth magi
  31 dancing weapons
  6 thrashing horrors
  6 tengu warriors
  Urug (Orc:2)
  7 deep troll shamans
  2 death yaks (Shoals:2)
  11 spriggan berserkers
  4 hell knights
  2 wretched stars (Abyss:3)
  7 large abominations
  14 deep elf knights
  2 shadow wraiths
  2 sixfirhies
  2 iron trolls (Depths:1)
  28 deep trolls
  8 unseen horrors
  An unseen horror (shapeshifter) (Vaults:5)
  6 glowing orange brains
  10 sea snakes
  A flayed ghost (Depths:4)
  An anaconda skeleton (WizLab)
  17 deep elf archers
  A lindwurm (Lair:6)
  12 wizards
  5 necromancers
  An obsidian statue (WizLab)
  25 ironbrand convokers
  6 phantasmal warriors
  21 orc knights
  Pikel (D:8)
  5 harpies (Shoals:4)
  22 wolf spiders
  66 ugly things
  A fire giant zombie (Depths:2)
  15 orb spiders
  59 deep elf magi
  2 oklob plants
  6 orc sorcerers
  A stone giant zombie (Vaults:3)
  A faun (shapeshifter) (Vaults:5)
  15 manticores
  11 fauns
  A tengu skeleton (Depths:2)
  25 moths of wrath
  A worldbinder (WizLab)
  10 cyclopes
  A salamander (Depths:3)
  2 apocalypse crabs
  Maurice (D:8)
  15 elephants
  2 human skeletons
  5 water nymphs (Shoals:4)
  16 merfolk sirens
  A black mamba (shapeshifter) (Depths:4)
  10 guardian serpents
  10 vault sentinels
  5 molten gargoyles
  6 black mambas
  A stone giant skeleton (WizLab)
  A smoke demon (WizLab)
  8 spiny frogs
  A rime drake (Lair:3)
  An efreet (D:15)
  2 spriggan zombies (Depths:2)
  5 gargoyles
  5 demonic crawlers
  36 yaktaurs
  8 komodo dragons
  4 ice devils (Depths:3)
  2 freezing wraiths
  6 harpy zombies
  2 hellwings (Depths:3)
  4 trolls
  27 merfolk
  2 ancient zymes (Abyss:3)
  4 wind drakes
  A polar bear (shapeshifter) (Depths:1)
  26 jumping spiders
  A sphinx simulacrum (Vaults:2)
  A yaktaur skeleton (Vaults:2)
  6 tengu conjurers
  18 hornets
  40 slime creatures
  A harpy skeleton (D:15)
  65 saltlings (Desolation)
  7 raiju
  2 wind drakes (shapeshifter)
  6 polar bears
  Grinder (D:3)
  A blink frog (WizLab)
  10 hippogriffs
  3 hippogriffs (shapeshifter)
  7 snapping turtles
  4 dream sheep (Shoals:1)
  A fire giant simulacrum (Vaults:3)
  An ice dragon skeleton (WizLab)
  3 spriggans (Depths:4)
  A flying skull (Vaults:3)
  A redback (shapeshifter) (Vaults:5)
  5 shadows
  14 water elementals
  58 redbacks
  18 yaks
  Sigmund (D:5)
  A ynoxinul (WizLab)
  22 tarantellas
  2 air elementals
  A human (shapeshifter) (Vaults:3)
  8 small abominations
  5 wyverns
  6 fire elementals
  3 hogs (Shoals:1)
  A hog (shapeshifter) (Elf:3)
  A wraith (Abyss:3)
  A golden eye (shapeshifter) (Vaults:3)
  2 steam dragons (Lair:6)
  Grum (D:11)
  6 basilisks
  3 chaos spawn (Depths:2)
  10 vampire mosquitoes
  4 neqoxecs (Abyss:3)
  Menkaure (D:6)
  A spriggan simulacrum (Depths:2)
  4 hungry ghosts
  7 wargs
  An insubstantial wisp (WizLab)
  2 spatial vortices (WizLab)
  A soldier ant (shapeshifter) (Depths:1)
  7 acid dragons
  7 porcupines
  9 water moccasins
  A soldier ant (D:13)
  A slave (D:8)
  4 hell hounds (Lair:6)
  3 sky beasts
  68 orc warriors
  2 phantoms
  5 black bears
  2 black bears (shapeshifter)
  An ice beast (D:9)
  11 wolves
  A hornet zombie (D:7)
  48 ogres
  2 necrophages
  13 boggarts
  A centaur (shapeshifter) (D:13)
  36 centaurs
  9 crocodiles
  2 human zombies
  2 big kobolds (D:13)
  17 bullfrogs
  A wyvern zombie (D:6)
  2 earth elementals
  2 gnoll sergeants
  6 scorpions
  A human simulacrum (Vaults:3)
  A water moccasin skeleton (D:8)
  A swamp dragon simulacrum (Abyss:3)
  6 killer bees (D:8)
  2 howler monkeys
  19 wights
  3 electric eels
  5 crimson imps
  5 lava snakes (Lair:6)
  A wyvern simulacrum (Gauntlet)
  3 bullfrog zombies
  3 centaur zombies
  2 quasits
  A bullfrog skeleton (D:11)
  2 jellies
  21 orc priests
  2 gnoll shamans
  A hound (D:8)
  4 centaur skeletons
  An iron imp (Depths:1)
  6 iguanas
  Natasha (thrice) (D:3)
  27 orc wizards
  5 worker ants
  A bullfrog simulacrum (Gauntlet)
  2 centaur simulacra (Gauntlet)
  A hound zombie (D:9)
  4 hound skeletons
  12 gnolls
  6 adders
  4 shadow imps
  An ufetubus (Abyss:3)
  2 oozes
  An adder skeleton (D:4)
  5 worms
  8 leopard geckos
  A leopard gecko (shapeshifter) (Vaults:4)
  129 orcs
  A bat zombie (Shoals:4)
  10 giant cockroaches
  9 goblins
  7 hobgoblins
  13 jackals
  6 quokkas
  A ball python (D:2)
  6 bats
  10 frilled lizards
  A jackal skeleton (D:5)
  2 jackal zombies
  22 kobolds
  A leopard gecko zombie (D:7)
  A quokka skeleton (D:5)
  6 rats
  8 crawling corpses
  3 fungi
  14 plants
  A tentacle (Shoals:1)
2525 creatures vanquished.

Vanquished Creatures (collateral kills)
  4 Orb Guardians (Zot:5)
  An entropy weaver (Spider:1)
  A halazid warlock (Desolation)
  A crystal guardian (Desolation)
  A vault guard (Vaults:5)
  A peacekeeper (Desolation)
  3 hydras
  A spriggan air mage (Depths:4)
  A merfolk aquamancer (Shoals:3)
  An orb spider (Spider:1)
  A black mamba (Lair:2)
  A gargoyle (D:10)
  A spiny frog (Lair:1)
  A hellwing (Gauntlet)
  A saltling (Desolation)
  A centaur simulacrum (Gauntlet)
  A water elemental (Shoals:3)
  A spriggan (Depths:4)
  2 tarantellas (Spider:1)
  A centaur (Shoals:3)
  An orc (D:10)
27 creatures vanquished.

Vanquished Creatures (others)
  A tengu reaver (Depths:4)
  A fire giant (Depths:4)
  A vampire knight (Depths:4)
  A white draconian (Zot:1)
  3 yaktaur captains
  An ice dragon (Depths:3)
  A vault guard (Vaults:5)
  5 centaur warriors
  A deep troll shaman (Vaults:2)
  A tengu warrior (Depths:3)
  A deep elf knight (Vaults:2)
  A deep elf archer (Elf:1)
  A deep elf mage (Elf:3)
  An ugly thing (Depths:3)
  A moth of wrath (Depths:5)
  A cyclops (Vaults:1)
  A manticore (Shoals:4)
  A water nymph (Shoals:3)
  9 yaktaurs
  A hornet (Depths:3)
  A hippogriff (Shoals:4)
  5 dream sheep (D:6)
  A spriggan (Depths:3)
  A tarantella (Spider:2)
  A hell hound (Lair:6)
  7 centaurs
  2 orcs
  7 kobolds (Bailey)
  5 demonic plants (Gauntlet)
  5 fungi
  A lurking horror (Abyss:3)
  10 plants
  4 starspawn tentacles
  11 tentacles (Shoals:1)
  7 toadstools (Lair:1)
102 creatures vanquished.

Grand Total: 2654 creatures vanquished

Notes
Turn   | Place    | Note
-------+----------+-------------------------------------------
     0 | D:1      | scimitardk the Minotaur Berserker began the quest for the
                  | Orb.
     0 | D:1      | Reached XP level 1. HP: 19/19 MP: 0/0
   428 | D:1      | Reached XP level 2. HP: 21/27 MP: 1/1
   714 | D:2      | Reached ** piety under Trog
   840 | D:2      | Reached XP level 3. HP: 32/33 MP: 2/2
  1050 | D:2      | Found a faded altar of an unknown god.
  1364 | D:3      | Noticed Natasha
  1377 | D:3      | Killed Natasha
  1377 | D:3      | Reached XP level 4. HP: 23/41 MP: 3/3
  1506 | D:3      | Noticed Grinder
  1527 | D:3      | Killed Grinder
  1527 | D:3      | Reached skill level 5 in Fighting
  1527 | D:3      | Reached skill level 5 in Axes
  1527 | D:3      | Reached XP level 5. HP: 26/48 MP: 4/4
  1527 | D:3      | Reached XP level 6. HP: 30/56 MP: 5/5
  1958 | D:3      | Noticed Natasha
  1965 | D:3      | Killed Natasha
  2325 | D:3      | Noticed Natasha
  2333 | D:3      | Killed Natasha
  2732 | D:4      | Found Peulud's Book Emporium.
  2835 | D:4      | Reached skill level 5 in Armour
  3009 | D:4      | Reached XP level 7. HP: 62/62 MP: 6/6
  3242 | D:4      | Reached skill level 5 in Dodging
  3306 | D:4      | Reached *** piety under Trog
  3460 | D:5      | Entered Level 5 of the Dungeon
  3482 | D:5      | Noticed Sigmund
  3557 | D:5      | Killed Sigmund
  3557 | D:5      | Reached XP level 8. HP: 71/71 MP: 7/7
  5226 | D:6      | Noticed Menkaure
  5232 | D:6      | Killed Menkaure
  5257 | D:6      | Reached XP level 9. HP: 18/81 MP: 8/8
  5828 | D:6      | Found a shimmering altar of Xom.
  6005 | D:7      | Found Urekluun's Antique Weapon Shop.
  6124 | D:7      | Found a staircase to the Ecumenical Temple.
  6368 | D:7      | Reached **** piety under Trog
  6671 | D:7      | Found Weom's Armour Shop.
  6676 | D:7      | Bought a +0 shield for 63 gold pieces
  6702 | D:7      | Found Fatzunt's Jewellery Shop.
  6719 | D:7      | Bought an uncursed ring of poison resistance for 240 gold
                  | pieces
  6910 | D:7      | Found Kacvoc's Antique Weapon Boutique.
  7190 | D:8      | Reached skill level 1 in Shields
  7196 | D:8      | Noticed Pikel
  7212 | D:8      | Killed Pikel
  7428 | D:8      | Noticed Maurice
  7462 | D:8      | Killed Maurice
  7462 | D:8      | Reached XP level 10. HP: 85/91 MP: 9/9
  7668 | D:8      | Reached skill level 10 in Axes
  8109 | D:8      | Reached skill level 1 in Evocations
  8594 | D:9      | Found a stormy altar of Qazlal.
  8641 | D:9      | Reached ***** piety under Trog
  9148 | D:9      | Found Kixziloa's Jewellery Boutique.
  9273 | D:10     | Entered Level 10 of the Dungeon
  9368 | D:10     | Received a gift from Trog
  9559 | D:10     | Noticed a cyclops
  9568 | D:10     | Killed a cyclops
  9701 | D:10     | Found a staircase to the Lair.
  9701 | D:10     | Noticed an oklob plant
  9762 | D:10     | Noticed a gargoyle
  9772 | D:10     | Killed a gargoyle
 10138 | D:10     | Found a sparkling altar of Nemelex Xobeh.
 10154 | D:10     | Reached skill level 10 in Fighting
 10154 | D:10     | Reached XP level 11. HP: 98/99 MP: 12/12
 10157 | D:10     | Reached skill level 5 in Shields
 10853 | D:10     | Killed an oklob plant
 10914 | Lair:1   | Entered Level 1 of the Lair of Beasts
 11048 | Lair:1   | Noticed a four-headed hydra
 11068 | Lair:1   | Killed a five-headed hydra
 11631 | Lair:1   | Reached skill level 10 in Armour
 11849 | Lair:1   | Noticed a catoblepas
 11849 | Lair:1   | Noticed a lindwurm
 11869 | Lair:1   | Found a runed translucent door.
 12070 | Lair:1   | Noticed an eight-headed hydra
 12076 | Lair:1   | Killed an eight-headed hydra
 12590 | Lair:2   | Noticed a five-headed hydra
 12594 | Lair:2   | Killed a five-headed hydra
 12676 | Lair:2   | Noticed a catoblepas
 12697 | Lair:2   | Killed a catoblepas
 13109 | Lair:2   | Found a staircase to the Shoals.
 14071 | Lair:3   | Reached XP level 12. HP: 56/108 MP: 14/14
 15091 | Lair:4   | Found a hole to the Spider Nest.
 15395 | Lair:4   | Reached skill level 10 in Dodging
 15488 | Lair:4   | Noticed a five-headed hydra
 15501 | Lair:4   | Killed a five-headed hydra
 15777 | Lair:4   | Reached skill level 5 in Evocations
 16351 | Lair:4   | Identified a scroll of acquirement
 17416 | Lair:5   | Reached XP level 13. HP: 117/117 MP: 15/15
 17447 | Lair:6   | Entered Level 6 of the Lair of Beasts
 17464 | Lair:6   | Found a gate leading to a gauntlet.
 17473 | Gauntlet | Entered a Gauntlet
 17473 | Gauntlet | Found a transporter.
 17473 | Gauntlet | Found a large runed translucent door.
 17473 | Gauntlet | Found a large runed translucent door.
 17473 | Gauntlet | Found a large runed translucent door.
 17473 | Gauntlet | Found a large runed translucent door.
 17473 | Gauntlet | Found a runed translucent door.
 17473 | Gauntlet | Found a runed translucent door.
 17473 | Gauntlet | Found a large runed translucent door.
 17473 | Gauntlet | Found a large runed translucent door.
 17473 | Gauntlet | Found a large runed translucent door.
 17473 | Gauntlet | Found a large runed translucent door.
 17473 | Gauntlet | Found a large runed translucent door.
 17473 | Gauntlet | Found a large runed translucent door.
 17474 | Gauntlet | Found a large runed translucent door.
 17474 | Gauntlet | Found a large runed translucent door.
 17475 | Gauntlet | Found a large runed translucent door.
 17475 | Gauntlet | Found a large runed translucent door.
 17475 | Gauntlet | Found a large runed translucent door.
 17475 | Gauntlet | Found a large runed translucent door.
 17482 | Gauntlet | Found a runed translucent gate.
 17482 | Gauntlet | Found a runed translucent gate.
 17482 | Gauntlet | Found a runed translucent gate.
 17486 | Gauntlet | Found a transporter.
 17501 | Gauntlet | Found a transporter.
 17507 | Gauntlet | Found a transporter.
 17522 | Gauntlet | Found a transporter.
 17541 | Gauntlet | Found a transporter.
 17541 | Gauntlet | Noticed a reaper
 17553 | Gauntlet | Found a transporter.
 17553 | Gauntlet | Noticed a blizzard demon
 17565 | Gauntlet | Found a transporter.
 17578 | Gauntlet | Found a transporter.
 17593 | Gauntlet | Found a transporter.
 17608 | Gauntlet | Found a transporter.
 17625 | Gauntlet | Found a transporter.
 17627 | Gauntlet | Found a transporter.
 17662 | Gauntlet | Found a transporter.
 17664 | Gauntlet | Found a transporter.
 17666 | Gauntlet | Found a transporter.
 17722 | Gauntlet | Found a transporter.
 17724 | Gauntlet | Found a transporter.
 17907 | Gauntlet | Killed a reaper
 17915 | Gauntlet | Got a pair of smoking boots
 17917 | Gauntlet | Got a twisted plate armour
 17991 | Gauntlet | Identified the ring "Widum" {Str+3 Dex+3 Slay+5}
 17991 | Gauntlet | Noticed a minotaur
 18004 | Gauntlet | Killed a minotaur
 18103 | Lair:6   | Identified the +2 pair of boots "Uqyusus" {rF++ rN+ MR+
                  | SInv} (You found it in a Gauntlet)
 18114 | Lair:6   | Identified the cursed +0 plate armour of Qazlal's Delight
                  | {MR++ rCorr Str-5 SInv} (You found it in a Gauntlet)
 18725 | Lair:6   | Found a staircase to the Slime Pits.
 18726 | Lair:6   | Found a viscous altar of Jiyva.
 19101 | Lair:6   | Noticed a fire dragon
 19102 | Lair:6   | Found a large runed translucent door.
 19102 | Lair:6   | Found a large runed translucent door.
 19122 | Lair:6   | Reached skill level 15 in Axes
 20163 | Lair:6   | Killed a fire dragon
 21300 | D:11     | Noticed Grum
 21317 | D:11     | Killed Grum
 21551 | D:12     | Found a white marble altar of Elyvilon.
 21739 | D:12     | Reached XP level 14. HP: 123/127 MP: 16/16
 21987 | D:12     | Found a staircase to the Orcish Mines.
 21999 | Orc:1    | Entered Level 1 of the Orcish Mines
 22079 | Orc:1    | Noticed an orc warlord
 22146 | Orc:1    | Killed an orc warlord
 22146 | Orc:1    | Reached skill level 10 in Shields
 22328 | Orc:2    | Entered Level 2 of the Orcish Mines
 22797 | Orc:2    | Noticed Urug
 22808 | Orc:2    | Killed Urug
 22991 | Orc:2    | Reached ****** piety under Trog
 23024 | Orc:2    | Received a gift from Trog
 23813 | Orc:2    | Found a staircase to the Elven Halls.
 23924 | Orc:1    | Found a radiant altar of Vehumet.
 24117 | Orc:2    | Found Teuschae's Jewellery Emporium.
 24117 | Orc:2    | Found Bucuikij's Gadget Shop.
 24119 | Orc:2    | Found Kaigar's Book Boutique.
 24121 | Orc:2    | Found Qeare's Armour Shoppe.
 24307 | Shoals:1 | Entered Level 1 of the Shoals
 24308 | Shoals:1 | Noticed Jorgrun
 24332 | Lair:2   | Killed Jorgrun
 24833 | Shoals:1 | Received a gift from Trog
 24870 | Shoals:1 | Noticed Kirke
 24887 | Shoals:1 | Killed Kirke
 25297 | Shoals:1 | Noticed Louise
 25307 | Shoals:1 | Killed Louise
 25749 | Shoals:1 | Noticed a kraken
 25773 | Shoals:1 | Killed a kraken
 26118 | Shoals:2 | Reached XP level 15. HP: 137/137 MP: 18/18
 26260 | Shoals:2 | Noticed Polyphemus
 26417 | Shoals:2 | Killed Polyphemus
 26522 | Shoals:2 | Noticed Ilsuiw
 26559 | Shoals:2 | Killed Ilsuiw
 26624 | Shoals:2 | Noticed Roxanne
 27053 | Shoals:3 | Reached XP level 16. HP: 146/146 MP: 19/19
 27481 | Shoals:3 | Found a runed translucent gate.
 27482 | Shoals:3 | Found a runed translucent gate.
 27483 | Shoals:3 | Found a runed translucent gate.
 27484 | Shoals:3 | Noticed Leoclas's ghost (adept TrHu)
 27510 | Shoals:3 | Received a gift from Trog
 27609 | Shoals:3 | Found Ovepnepobb's Island Escapes.
 27724 | Shoals:3 | Noticed Aizul
 27737 | Shoals:3 | Killed Aizul
 27995 | Shoals:3 | Bought a scroll of blinking for 120 gold pieces
 27995 | Shoals:3 | Bought a scroll of blinking for 120 gold pieces
 28016 | Shoals:4 | Entered Level 4 of the Shoals
 28448 | Shoals:4 | Upgraded the game from 0.25-a0-35-g747a2b3c0c to
                  | 0.25-a0-36-g303dd5b1f4
 29071 | Shoals:4 | Got a glittering jade ring
 29212 | Shoals:4 | Identified the ring "Hosef" {Wiz rPois rF+ MP+9 Stlth-}
                  | (You found it on level 4 of the Shoals)
 29232 | Shoals:4 | Reached skill level 15 in Fighting
 29760 | Shoals:4 | Reached XP level 17. HP: 156/156 MP: 21/21
 29760 | Shoals:4 | Received a gift from Trog
 29794 | Shoals:4 | Got a barnacled rune of Zot
 30527 | Shoals:4 | Got a sparkling marble ring
 30529 | Shoals:4 | Identified the ring of the Cricket {rC+ SInv} (You found it
                  | on level 4 of the Shoals)
 30772 | Lair:4   | Upgraded the game from 0.25-a0-36-g303dd5b1f4 to
                  | 0.25-a0-41-g6cf4ce537d
 30773 | Spider:1 | Entered Level 1 of the Spider Nest
 30827 | Spider:1 | Noticed Asterion
 30840 | Spider:1 | Killed Asterion
 31065 | Spider:1 | Received a gift from Trog
 31498 | Spider:2 | Noticed Nikola
 31503 | Spider:2 | Killed Nikola
 31504 | Spider:2 | Reached skill level 15 in Armour
 32183 | Spider:2 | Received a gift from Trog
 33343 | Spider:4 | Entered Level 4 of the Spider Nest
 33555 | Spider:4 | Noticed Arachne
 33567 | Spider:4 | Killed Arachne
 34056 | Spider:4 | Received a gift from Trog
 34139 | Spider:4 | Reached XP level 18. HP: 168/168 MP: 23/23
 34538 | Spider:4 | Got a gossamer rune of Zot
 34841 | Spider:4 | Got a vibrating platinum ring
 34846 | Spider:4 | Identified the ring of Bohy {*Drain rF+ MR+ Int+5} (You
                  | found it on level 4 of the Spider Nest)
 35116 | D:13     | Found a flagged portal.
 35132 | Bailey   | Entered a bailey
 35186 | Bailey   | Identified the amulet of Deraon {Harm *Drain Dex+2}
 35572 | D:13     | Received a gift from Trog
 35771 | D:13     | Found a gate to the Vaults.
 36034 | D:13     | Found a runed translucent gate.
 36041 | D:13     | Found a runed translucent gate.
 36041 | D:13     | Found a runed translucent gate.
 36042 | D:13     | Noticed lis82's ghost (journeyman DgFE)
 36168 | D:14     | Noticed Agnes
 36177 | D:14     | Killed Agnes
 36211 | D:14     | Noticed Rupert
 36221 | D:14     | Killed Rupert
 36247 | D:14     | Noticed Snorg
 36254 | D:14     | Killed Snorg
 36485 | D:14     | Identified the +4 chain mail of Impatience {rN+ rCorr
                  | Slay+3}
 36575 | D:15     | Entered Level 15 of the Dungeon
 36885 | D:15     | Noticed a golden dragon
 36885 | D:15     | a fire giant changed into a golden dragon
 36890 | D:15     | Killed a golden dragon
 36991 | D:15     | Received a gift from Trog
 37163 | D:15     | Found a staircase to the Depths.
 37598 | Depths:1 | Entered Level 1 of the Depths
 37899 | Depths:1 | Found a gateway to a ziggurat.
 38988 | Depths:1 | Reached XP level 19. HP: 102/179 MP: 25/25
 38991 | Depths:1 | Received a gift from Trog
 39276 | Depths:1 | Reached skill level 15 in Dodging
 40096 | Depths:1 | Found a gateway to Hell.
 40359 | Vaults:1 | Entered Level 1 of the Vaults
 40393 | Vaults:1 | Found Dimy's Assorted Antiques.
 40451 | Vaults:1 | Found a ruined gateway.
 40457 | Vaults:1 | You fall into a shaft and drop 1 floor!
 40459 | Vaults:2 | Noticed Margery
 40483 | Vaults:2 | Killed Margery
 40551 | Vaults:2 | Reached skill level 15 in Shields
 40686 | Desolati | Entered the Desolation of Salt
 41059 | Desolati | Got a coiled emerald amulet
 41060 | Desolati | Identified the amulet "Jietz" {Harm *Drain rF- rC+ rN+
                  | Dex+2} (You found it in the Desolation of Salt)
 41193 | Desolati | Reached skill level 10 in Evocations
 41219 | Desolati | Received a gift from Trog
 41573 | Desolati | Got a vibrating platinum ring
 41579 | Desolati | Got a faintly glowing wooden ring
 41582 | Desolati | Got a glittering platinum ring
 41583 | Desolati | Identified the ring "Meihioss" {rPois AC+1} (You found it
                  | in the Desolation of Salt)
 41584 | Desolati | Identified the ring "Iwkolul" {*Corrode +Inv Int+7 Stlth-}
                  | (You found it in the Desolation of Salt)
 41585 | Desolati | Identified the ring of Nuill {-Tele MR+ Str+5 Dex+2} (You
                  | found it in the Desolation of Salt)
 41970 | Desolati | Received a gift from Trog
 42959 | Vaults:1 | Reached XP level 20. HP: 112/193 MP: 26/26
 43383 | Vaults:1 | Received a gift from Trog
 43668 | Vaults:1 | Bought a scroll of enchant weapon for 172 gold pieces
 43668 | Vaults:1 | Bought a scroll of identify for 46 gold pieces
 44542 | Vaults:2 | Received a gift from Trog
 45227 | Vaults:2 | Found Coril's General Store.
 46210 | Vaults:3 | Received a gift from Trog
 46712 | Vaults:3 | Reached XP level 21. HP: 103/204 MP: 27/27
 47595 | Vaults:3 | Received a gift from Trog
 47689 | Vaults:3 | Found a staircase to the Crypt.
 48124 | Vaults:4 | Found Setam's Food Boutique.
 49233 | Vaults:4 | Received a gift from Trog
 49912 | Vaults:4 | Found a shadowy altar of Dithmenos.
 50297 | Vaults:5 | Entered Level 5 of the Vaults
 50594 | Vaults:4 | Received a gift from Trog
 51297 | Depths:2 | Reached XP level 22. HP: 217/217 MP: 28/28
 51803 | Depths:2 | Received a gift from Trog
 51812 | Depths:2 | Found a one-way gate to the infinite horrors of the Abyss.
 52045 | Depths:3 | Noticed Xtahua
 52095 | Depths:2 | Killed Xtahua
 52172 | Depths:3 | Found a one-way gate leading to the halls of Pandemonium.
 53354 | Depths:3 | Received a gift from Trog
 54009 | Depths:3 | Found a gateway to a bazaar.
 54026 | Bazaar   | Entered a bazaar
 54026 | Bazaar   | Found Ufezamux's Armour Boutique.
 54026 | Bazaar   | Found Huisoer's Magic Scroll Shoppe.
 54026 | Bazaar   | Found Cucimus's General Store.
 54026 | Bazaar   | Found Inoomm's Gadget Shoppe.
 54032 | Bazaar   | Found Zemat's Distillery.
 54032 | Bazaar   | Found Jesaqor's General Store.
 54052 | Bazaar   | Bought a scroll of enchant weapon for 82 gold pieces
 54052 | Bazaar   | Bought a scroll of enchant weapon for 82 gold pieces
 54052 | Bazaar   | Bought a scroll of enchant armour for 82 gold pieces
 55129 | Depths:4 | Found a magical portal.
 55132 | WizLab   | Found a transporter.
 55173 | WizLab   | Found a corrupted altar of Lugonu.
 55186 | WizLab   | Found a corrupted altar of Lugonu.
 55216 | WizLab   | Found a transporter.
 55216 | WizLab   | Found a transporter.
 55305 | WizLab   | Found the +2 ratskin cloak {+Rats rPois rN+ Str-1 Int-1
                  | Dex+1}
 55315 | WizLab   | Found a transporter.
 55379 | WizLab   | Found a transporter.
 55431 | WizLab   | Found a transporter.
 55440 | WizLab   | Found a transporter.
 55495 | WizLab   | Found a transporter.
 55522 | WizLab   | Found a transporter.
 55592 | WizLab   | Found a transporter.
 55600 | WizLab   | Found a corrupted altar of Lugonu.
 55742 | WizLab   | Found a transporter.
 55742 | WizLab   | Found a transporter.
 55778 | WizLab   | Found a transporter.
 55869 | WizLab   | Got a warped cloak
 55870 | WizLab   | Identified the +0 cloak "Heil" {SInv} (You found it in a
                  | wizard's laboratory)
 55886 | WizLab   | Got a dazzling cloak
 55887 | WizLab   | Identified the +1 cloak of Honour {MP+9} (You found it in a
                  | wizard's laboratory)
 55925 | WizLab   | Found a transporter.
 56027 | Depths:4 | Reached XP level 23. HP: 216/229 MP: 29/29
 56301 | Depths:4 | Received a gift from Trog
 56745 | Depths:4 | Found a runed translucent door.
 56748 | Depths:4 | Found a runed translucent door.
 56932 | Depths:4 | Noticed the Enchantress
 57682 | Depths:4 | Killed the Enchantress
 57935 | Depths:4 | Found a runed translucent door.
 57936 | Depths:4 | Noticed a juggernaut
 57937 | Depths:4 | Found a runed translucent door.
 57937 | Depths:4 | Found a runed translucent door.
 57951 | Depths:4 | Killed a juggernaut
 58023 | Depths:4 | Identified the amulet "Jogyif" {Harm *Drain rPois MR+ Str-5
                  | Slay+2}
 58042 | Depths:4 | Received a gift from Trog
 58042 | Depths:4 | Noticed a juggernaut
 58082 | Depths:4 | Killed a juggernaut
 58493 | Depths:5 | Entered Level 5 of the Depths
 59370 | Depths:5 | Found Rufadd's Jewellery Shoppe.
 59370 | Depths:5 | Found Voconi's Gadget Shop.
 59371 | Depths:5 | Found Aloeras's Jewellery Shoppe.
 59380 | Depths:5 | Bought the ring "Qoggapy" {rElec rF+ rC+ MR+ Int+2} for 837
                  | gold pieces
 59658 | Depths:5 | Found a gate to the Realm of Zot.
 59974 | Depths:5 | Noticed Saint Roka
 59998 | Depths:5 | Killed Saint Roka
 59998 | Depths:5 | Reached XP level 24. HP: 209/243 MP: 29/29
 60962 | Shoals:3 | Received a gift from Trog
 60966 | Shoals:3 | Paralysed by a Zot trap for 4 turns
 60978 | Shoals:3 | Killed Leoclas's ghost
 61008 | Shoals:3 | Got a pair of distressingly furry boots
 61009 | Shoals:3 | Identified the +1 pair of boots of Inviolability {rPois
                  | Regen+ SInv} (You found it on level 3 of the Shoals)
 61585 | Vaults:5 | Received a gift from Trog
 62474 | Vaults:5 | Identified the +1 broad axe of Makhleb's Envy {pain, Str+3}
 62730 | Vaults:5 | Identified the amulet of Voagege {Spirit +Inv rN+ Dex+2}
 63346 | Vaults:5 | Received a gift from Trog
 63405 | Vaults:5 | Got a fine garnet amulet
 63415 | Vaults:5 | Identified the amulet "Viyd" {Spirit Int+3 Dex+3} (You
                  | found it on level 5 of the Vaults)
 63466 | Vaults:5 | Identified the +2 morningstar "Urun" {flame, Fragile rF+++
                  | MP+9 Int-5}
 63726 | Vaults:5 | Reached XP level 25. HP: 255/255 MP: 29/29
 63731 | Vaults:5 | Noticed Frederick
 63744 | Vaults:5 | Killed Frederick
 64230 | Vaults:5 | Got a silver rune of Zot
 64287 | Vaults:5 | Cast into level 3 of the Abyss (+2 battleaxe of distortion)
 64307 | Abyss:3  | Found a shattered altar of Ashenzari.
 64308 | Abyss:3  | Got a coiled golden amulet
 64647 | Abyss:3  | Gained mutation: You do not regenerate when monsters are
                  | visible. [a neqoxec]
 64764 | Abyss:3  | Received a gift from Trog
 64792 | Abyss:3  | Reached skill level 27 in Fighting
 64819 | Vaults:5 | Escaped the Abyss
 65140 | Vaults:5 | Identified the amulet of the Voivode {Inacc Str+2 Int+5
                  | Dex+3} (You found it on level 3 of the Abyss)
 65809 | Elf:1    | Entered Level 1 of the Elven Halls
 66277 | Elf:1    | Found a bloodstained altar of Trog.
 66291 | Elf:1    | Received a gift from Trog
 66626 | Elf:1    | Found a shimmering altar of Xom.
 67175 | Elf:2    | Found a runed translucent gate.
 67176 | Elf:2    | Found a runed translucent gate.
 67178 | Elf:2    | Found a runed translucent gate.
 67229 | Elf:2    | Received a gift from Trog
 67676 | Elf:3    | Entered Level 3 of the Elven Halls
 67681 | Elf:3    | Found Giorph's Weapon Shop.
 67732 | Elf:3    | Found Kaoneyh's Food Boutique.
 67874 | Elf:3    | Found Waargh's Food Emporium.
 67905 | Elf:3    | Found Caexkuex's Book Boutique.
 67924 | Elf:3    | Found Noklaown's Antique Armour Emporium.
 68277 | Elf:3    | Received a gift from Trog
 68487 | Elf:3    | Identified the +10 chain mail of the Cockatrice {rC+ Str+3
                  | Dex+4}
 68487 | Elf:3    | Identified the ring of Bilob {rPois MR+}
 68740 | Elf:3    | Identified the ring "Maef" {rF+ Stlth+}
 68747 | Elf:3    | Reached XP level 26. HP: 253/266 MP: 29/29
 69774 | Zot:1    | Entered Level 1 of the Realm of Zot
 70172 | Zot:1    | Received a gift from Trog
 71704 | Zot:2    | Received a gift from Trog
 72508 | Zot:2    | Identified the Collected Works on Doomed Confrontation
 72572 | Zot:2    | Got a steaming turquoise ring
 72576 | Zot:2    | Identified the ring "Rocrekh" {*Tele rN+ Str+4} (You found
                  | it on level 2 of the Realm of Zot)
 73069 | Zot:2    | Reached XP level 27. HP: 273/273 MP: 29/29
 73673 | Zot:3    | Noticed an orb of fire
 73685 | Zot:2    | Gained mutation: You are dopey. (Int -2) [an orb of fire]
 73693 | Zot:2    | Gained mutation: Scrolls take you a little longer to read.
                  | [an orb of fire]
 73697 | Zot:2    | Gained mutation: You are weak. (Str -2) [an orb of fire]
 73698 | Zot:2    | Killed an orb of fire
 73907 | Zot:3    | Received a gift from Trog
 73925 | Zot:3    | Reached skill level 27 in Axes
 74962 | Zot:3    | You fall into a shaft and drop 1 floor!
 74966 | Zot:4    | Noticed an orb of fire
 74989 | Zot:4    | Killed an orb of fire
 75238 | Zot:4    | Received a gift from Trog
 75598 | Zot:3    | Received a gift from Trog
 76690 | Zot:4    | Noticed an ancient lich
 77113 | Zot:4    | Killed an ancient lich
 77258 | Zot:4    | Found a stormy altar of Qazlal.
 77269 | Zot:4    | Got a sparkling jade ring
 77289 | Zot:4    | Identified the ring "Ywinuore" {rElec rC+ Int+2 Dex-2 SInv}
                  | (You found it on level 4 of the Realm of Zot)
 77292 | Zot:5    | Entered Level 5 of the Realm of Zot
 77675 | Zot:5    | Noticed an orb of fire
 77679 | Zot:5    | Noticed an orb of fire
 77685 | Zot:5    | Gained mutation: You are clumsy. (Dex -2) [an orb of fire]
 77689 | Zot:5    | Noticed an orb of fire
 77690 | Zot:5    | HP: 11/273 [orb of fire/fireball (6)]
 77690 | Zot:5    | HP: 2/273 [orb of fire/bolt of fire (9)]
 77692 | Zot:5    | Killed from afar by an orb of fire

Levels and vault maps discovered:
D:1:      minmay_arrival_hallway, layout_basic
D:2:      layout_loops_corners, chequers_ecumenical_altar_simple
D:3:      wad_lake_hut, layout_basic, uniq_grinder, uniq_natasha
D:4:      layout_rooms, serial_shops, nicolae_shop_window_shopping
D:5:      layout_rooms, first_ration, uniq_sigmund
D:6:      layout_layer_cave, kb_xom_exploding_sheep, uniq_menkaure
D:7:      layout_gridville, minmay_temple_entry_offerings, serial_shops,
          shop_statue, shop_fountains, shop, nicolae_shop_window_shopping,
          grunt_ministairs_7
D:8:      layout_basic, uniq_pikel, uniq_maurice
D:9:      layout_small_grid, kennysheep_mini, serial_shops, nicolae_shop_stone
D:10:     layout_loops_corners, dpeg_oklobed_lair, grunt_tengu_nest,
          lemuel_centaur_altar
D:11:     layout_irregular_city, minmay_fractal_squares_5, uniq_grum
D:12:     layout_big_octagon, david_orc_4, elyvilon_altar_1
D:13:     layout_irregular_city, lightli_vaults_fourway_checkpoint,
          gammafunk_ghost_hydra_chop, enter_bailey_2
D:14:     layout_roguey, uniq_agnes, uniq_rupert, uniq_snorg
D:15:     gammafunk_enter_depths_forms, layout_loops_ring,
          chequers_serial_rivers_small_3
Lair:1:   gammafunk_lair_enchanted_lake, layout_chaotic_city, serial_rivers,
          chequers_serial_rivers_micro_c, chequers_serial_rivers_micro_d,
          chequers_serial_rivers_room_b, chequers_serial_rivers_small_b,
          chequers_serial_rivers_micro_c, chequers_serial_rivers_micro_c
Lair:2:   cheibrodos_lair_river_kwai, layout_layer_cave, shoals_dummy_entry
Lair:3:   layout_regular_city
Lair:4:   layout_cave_pods, spider_nest_entry_webs, serial_forest,
          infiniplex_forest_straight_2, infiniplex_forest_end_2,
          infiniplex_forest_clump_diagonal, infiniplex_forest_clump_small,
          infiniplex_forest_clump_medium, cheibrodos_lair_lostbears,
          lemuel_fruit_tree, infiniplex_staircase_pool_2
Lair:5:   layout_loops_ring
Lair:6:   cheibrodos_lair_end_hotspot, layout_gridlike, slime_altar_1,
          gauntlet_entry_generic, guppyfry_lair_drakes, serial_bayou_shore_a
Shoals:1: layout_shoals, uniq_jorgrun, uniq_louise, uniq_kirke
Shoals:2: layout_shoals, uniq_ilsuiw, uniq_polyphemus, uniq_roxanne
Shoals:3: layout_shoals, gammafunk_ghost_tricky_traps, nicolae_island_escapes,
          uniq_aizul
Shoals:4: shoals_end_simple, layout_shoals, nicolae_shoals_undead_eyrie
Spider:1: layout_spider_delve, uniq_asterion
Spider:2: layout_spider_delve, uniq_nikola
Spider:3: layout_spider_delve
Spider:4: grunt_spider_rune_circles, hive_lemuel, uniq_arachne
Orc:1:    layout_diamond_mine, basic_altar
Orc:2:    st_orc_rangers, layout_caves, sword_in_stone
Elf:1:    due_chaos_kobolds, layout_geoelf_octagon,
          kennysheep_underground_church, serial_sigils_hangedman_confine,
          evilmike_spriggan_trog_shrine
Elf:2:    layout_onion_city
Elf:3:    minmay_elf_hall_curves, layout_geoelf_diagonals, serial_shops,
          nicolae_shop_stone, shop, nicolae_shop_statue_plus,
          nicolae_shop_behind_doors, nicolae_shop_stone
Vaults:1: hangedman_vaults_snaps, vaults_dpeg_cross, v_misc_3,
          hangedman_vaults_impose, vaults_standard_mumra_enter_the_diamond,
          vaults_room_large_hall, vaults_mumra_minichess_inversion,
          layout_vaults_chaotic_city, serial_shops, nicolae_shop_statue_plus,
          portal_desolation_entry_nicolae_slug
Vaults:2: v_rooms_4, ontoclasm_vaults_hangar, nicolae_vaults_network_star,
          vaults_room_door_hall, ontoclasm_vaults_pinch,
          nicolae_vaults_little_squares_2, hangedman_vaults_stream, v_misc_9,
          nicolae_vaults_alarming, grunt_vaults_diagonal, vaults_room_pool,
          nicolae_vaults_inception_statues, nicolae_vaults_little_squares_3,
          vaults_room_pool, layout_vaults_big_cross, serial_shops, shop,
          uniq_margery
Vaults:3: ontoclasm_vaults_claustrophobia, nicolae_vaults_arrows,
          vaults_dpeg_doors, ontoclasm_vaults_fault, vaults_room_semicircle,
          nicolae_vaults_three_branches, layout_vaults_omnigrid,
          minmay_crypt_entry_simple_plaza
Vaults:4: hangedman_vaults_hat, hangedman_vaults_slice, vaults_room_hallway,
          nicolae_vaults_disjoint_gnomons, v_rooms_2, grunt_vaults_swirl,
          v_pattern_1, vaults_room_large_hall, vaults_room_pool,
          vaults_room_hallway, v_misc_16, nicolae_vaults_little_squares_3,
          layout_vaults_maze, serial_shops, shop, basic_altar
Vaults:5: uniq_frederick
Depths:1: layout_gridlike, enter_ziggurat_b, grunt_hell_entry_dis_mu,
          minmay_starry_boxes
Depths:2: kennysheep_blocky_room, layout_gridville, hangedman_geh_valley,
          minmay_room_of_horrors, chequers_serial_rivers_small_3
Depths:3: cheibrodos_cascadia, layout_cave_pools, serial_bayou_pond_d,
          serial_shops, bzr_entry_dummy, hellmouth_1, pan_entry, drop_trap,
          water_maze_lemuel, grunt_megastairs_3, infiniplex_staircase_zigzag_1,
          uniq_xtahua
Depths:4: minmay_the_grid_triangle_9x9_rhombus_full
          [minmay_the_grid_triangle_9x9_tough_junction,
          minmay_the_grid_triangle_9x9_sparse_checkered,
          minmay_the_grid_triangle_9x9_intruding_spiral,
          minmay_the_grid_triangle_9x9_limited_checkers,
          minmay_the_grid_triangle_9x9_alien,
          minmay_the_grid_triangle_9x9_flanged_cone,
          minmay_the_grid_triangle_9x9_fully_insulated_deathbox,
          minmay_the_grid_triangle_9x9_prize_schism], layout_cave_pools,
          mu_enter_wizlab_7, hangedman_decor_points, abyss_entry, hell_entry,
          minmay_misc_feat_five, st_stairs_10, bh_walls_and_bars,
          uniq_enchantress
Depths:5: grunt_zot_entry_tricorne, layout_basic, pan_entry, nrook_campfire,
          hell_entry, minmay_shop_grove, uniq_saint_roka
Zot:1:    layout_onion_interference
Zot:2:    hangedman_orp_of_zott, layout_basic, st_large_dragon_hoard_2
Zot:3:    cheibrodos_zot_enchanting_chambers, layout_onion_interference
Zot:4:    regret_index_qazlal_generations, layout_onion_interference,
          skrybe_zot_glass_1
Zot:5:    layout_gridlike, hangedman_zot_decor_unnerving_road

Skill      XL: |  1  2  3  4  5  6  7  8  9 10 11 12 13 14 15 16 17 18 19 20 21 22 23 24 25 26 27 |
---------------+----------------------------------------------------------------------------------+-----
Fighting       | 4 5 6 8 9 10 11 12 13 14 15 16 18 19 21 22 24 25 26 27 | 27.0
Axes           | 4 5 6 7 9 11 12 14 15 17 18 19 20 21 22 23 25 26 27 | 27.0
Armour         | 3 4 5 6 7 8 9 10 11 12 13 14 15 16 17 18 19 20 21 22 23 25 | 25.2
Dodging        | 3 4 5 6 7 8 9 10 11 12 13 14 15 16 17 19 | 19.5
Shields        | 2 4 6 8 9 11 12 13 14 15 16 17 18 19 20 21 22 25 | 25.0
Evocations     | 2 4 5 6 8 9 10 | 10.0

Action                   |  1- 3 |  4- 6 |  7- 9 | 10-12 | 13-15 | 16-18 | 19-21 | 22-24 | 25-27 || total
-------------------------+-------+-------+-------+-------+-------+-------+-------+-------+-------++-------
Melee: Hand axe          |    66 |    80 |       |       |       |       |       |       |       ||   146
       Headbutt          |    14 |    14 |    63 |   198 |   311 |   378 |   556 |   614 |   608 ||  2756
       War axe           |       |     2 |   289 |   754 |   520 |       |       |       |       ||  1565
       Trident           |       |       |       |     9 |    82 |       |       |       |       ||    91
       Broad axe         |       |       |       |       |   471 |  1169 |  1553 |  1621 |  1765 ||  6579
Invok: Berserk           |       |     3 |     6 |     3 |    11 |     6 |     1 |     6 |     1 ||    37
       Trog's Hand       |       |     1 |     4 |     1 |     7 |       |       |     5 |     3 ||    21
       Brothers in Arms  |       |       |       |     4 |     3 |     1 |     1 |     3 |     4 ||    16
 Abil: Evoke Flight      |       |       |       |       |     2 |     3 |       |     3 |       ||     8
       Evoke Invisibilit |       |       |       |       |       |       |       |     1 |       ||     1
Evoke: Wand              |       |       |       |       |       |     1 |       |       |       ||     1
  Use: Scroll            |       |     6 |     8 |    11 |    16 |    11 |     8 |    17 |    18 ||    95
       Potion            |       |       |     1 |       |     4 |     1 |       |    11 |     1 ||    18
 Stab: Invisible         |       |       |       |       |       |       |       |    20 |       ||    20
       Distracted        |       |       |       |       |       |       |       |       |     1 ||     1
  Eat: Chunk             |     1 |     4 |    14 |    30 |    28 |    24 |    19 |    20 |    31 ||   171
       Ration            |       |     1 |     2 |     3 |     6 |     7 |     6 |     9 |     5 ||    39
Armor: Leather armour    |    20 |     8 |       |       |       |       |       |       |       ||    28
       Ring mail         |       |    10 |     1 |       |       |       |       |       |       ||    11
       Chain mail        |       |       |    42 |       |       |       |       |       |       ||    42
       Plate armour      |       |       |   107 |   389 |   375 |   354 |   405 |   559 |   455 ||  2644
Dodge: Dodged            |    49 |    40 |   117 |   241 |   355 |   401 |   427 |   532 |   528 ||  2690
Block: Other             |       |     4 |    30 |       |       |       |       |       |       ||    34
       Reflection        |       |       |     1 |    12 |    68 |   115 |   115 |   105 |    90 ||   506
       Shield            |       |       |    36 |   499 |   706 |       |       |       |       ||  1241
       Large shield      |       |       |       |       |   159 |  1222 |  1565 |  1778 |  1730 ||  6454

Table legend:
 A = Non-vault XP
 B = Vault XP
 C = Vault XP percentage of total XP
 D = Non-vault monster count
 E = Vault monster count
 F = Vault count percentage of total count
                 A         B        C        D         E       F
            +---------+---------+-------+---------+---------+-------
      Total |  859014 |  856060 |  49.9 |    1552 |    1024 |  39.8
            +---------+---------+-------+---------+---------+-------
        D:1 |      24 |       0 |   0.0 |      13 |       0 |   0.0
        D:2 |      59 |       0 |   0.0 |      26 |       0 |   0.0
        D:3 |     102 |     307 |  75.1 |      14 |       2 |  12.5
        D:4 |     657 |       0 |   0.0 |      25 |       0 |   0.0
        D:5 |     332 |     212 |  39.0 |      26 |       1 |   3.7
        D:6 |    1159 |     172 |  12.9 |      22 |       1 |   4.3
        D:7 |     937 |     108 |  10.3 |      24 |       2 |   7.7
        D:8 |    2214 |    1092 |  33.0 |      41 |       2 |   4.7
        D:9 |    1336 |       0 |   0.0 |      26 |       0 |   0.0
       D:10 |    2771 |    1293 |  31.8 |      32 |       6 |  15.8
       D:11 |    5632 |    1221 |  17.8 |      45 |       7 |  13.5
       D:12 |    1739 |     741 |  29.9 |      11 |      14 |  56.0
       D:13 |    7724 |    5589 |  42.0 |      42 |      12 |  22.2
       D:14 |    9259 |    6394 |  40.8 |      28 |       3 |   9.7
       D:15 |    6679 |    8813 |  56.9 |      21 |      14 |  40.0
     Lair:1 |    3416 |    1063 |  23.7 |      14 |       4 |  22.2
     Lair:2 |    2789 |    4264 |  60.5 |      10 |       6 |  37.5
     Lair:3 |    3656 |       0 |   0.0 |      17 |       0 |   0.0
     Lair:4 |    3852 |    1418 |  26.9 |      11 |       5 |  31.2
     Lair:5 |    9255 |     622 |   6.3 |      33 |       3 |   8.3
     Lair:6 |    5320 |    8123 |  60.4 |      12 |      30 |  71.4
   Shoals:1 |   13115 |    4114 |  23.9 |      25 |       5 |  16.7
   Shoals:2 |    7147 |    8745 |  55.0 |      13 |       9 |  40.9
   Shoals:3 |    8920 |   10574 |  54.2 |      15 |      13 |  46.4
   Shoals:4 |   18817 |   25620 |  57.7 |      38 |      45 |  54.2
   Spider:1 |   12681 |    2628 |  17.2 |      36 |       1 |   2.7
   Spider:2 |   14255 |    3312 |  18.9 |      37 |       1 |   2.6
   Spider:3 |    9080 |       0 |   0.0 |      28 |       0 |   0.0
   Spider:4 |    6165 |   30992 |  83.4 |      17 |      56 |  76.7
      Orc:1 |    3615 |       0 |   0.0 |      25 |       0 |   0.0
      Orc:2 |    4934 |    7868 |  61.5 |      44 |      45 |  50.6
      Elf:1 |   20905 |    8005 |  27.7 |      36 |      19 |  34.5
      Elf:2 |   12857 |   24937 |  66.0 |      21 |      31 |  59.6
      Elf:3 |   15547 |   46140 |  74.8 |      25 |      32 |  56.1
   Vaults:1 |   33905 |   17455 |  34.0 |      71 |      25 |  26.0
   Vaults:2 |   24562 |   28754 |  53.9 |      41 |      38 |  48.1
   Vaults:3 |   23092 |   21796 |  48.6 |      38 |      32 |  45.7
   Vaults:4 |   60399 |   57074 |  48.6 |      90 |      62 |  40.8
   Vaults:5 |   40448 |  111697 |  73.4 |      62 |      76 |  55.1
   Depths:1 |   45630 |    2638 |   5.5 |      66 |       4 |   5.7
   Depths:2 |   36372 |   19179 |  34.5 |      43 |      25 |  36.8
   Depths:3 |   43228 |   28700 |  39.9 |      52 |      31 |  37.3
   Depths:4 |   45872 |   73512 |  61.6 |      41 |      48 |  53.9
   Depths:5 |   58162 |   26269 |  31.1 |      41 |      26 |  38.8
      Zot:1 |   51016 |       0 |   0.0 |      35 |       0 |   0.0
      Zot:2 |   22326 |   67581 |  75.2 |      11 |      55 |  83.3
      Zot:3 |   54657 |   54857 |  50.1 |      35 |      30 |  46.2
      Zot:4 |   67698 |   52092 |  43.5 |      36 |      32 |  47.1
      Zot:5 |   16903 |    9653 |  36.3 |      12 |       7 |  36.8
    Abyss:3 |   17794 |     560 |   3.1 |      25 |       3 |  10.7
     Bailey |       0 |     576 | 100.0 |       0 |      26 | 100.0
     WizLab |       0 |   15158 | 100.0 |       0 |      23 | 100.0
 Desolation |       0 |   50050 | 100.0 |       0 |     102 | 100.0
   Gauntlet |       0 |    4092 | 100.0 |       0 |      10 | 100.0
            +---------+---------+-------+---------+---------+-------
